 Dungeon Crawl Stone Soup version 0.31.0-12-g77e489cdc1 (webtiles) character file.

Game seed: 1891465855389844958

297 Heoruswealwe the Conjurer (level 6, -1/32 HPs)
             Began as a Deep Elf Conjurer on Feb 20, 2024.
             Slain by a gnoll
             ... wielding a +0 halberd
              (12 damage)
             ... on level 3 of the Dungeon.
             The game lasted 00:22:59 (2252 turns).

Heoruswealwe the Conjurer (Deep Elf Conjurer)       Turns: 2252, Time: 00:23:00

Health: -1/32      AC:  2    Str:  4    XL:     6   Next: 12%
Magic:  0/17       EV: 12    Int: 25    God:
Gold:   25         SH:  0    Dex: 13    Spells: 4/17 levels left

rFire   + . .        a - +5 short sword "Arbiter" {speed, Fly rC++}
rCold   + + .        (no shield)
rNeg    . . .        c - +0 robe {rF+}
rPois   .            (no helmet)
rElec   .            (no cloak)
rCorr   .            (no gloves)
SInv    .            (no boots)
Will    .....        (no amulet)
Stlth   ++           (no ring)
HPRegen 0.25/turn    (no ring)
MPRegen 0.15/turn

%: no passive effects
@: flying
A: no striking features
a: no special abilities


You were on level 3 of the Dungeon.
You visited 1 branch of the dungeon, and saw 3 of its levels.

You collected 185 gold pieces.
You spent 160 gold pieces at shops.

Inventory:

Hand Weapons
 a - the +5 short sword "Arbiter" (weapon) {speed, Fly rC++}
   (You found it on level 2 of the Dungeon)

   rC++:      It greatly protects you from cold.
   Fly:       It grants you flight.
Armour
 c - a +0 robe of fire resistance (worn)
Magical Staves
 n - a staff of fire
Wands
 m - a wand of flame (8)
Scrolls
 b - 2 scrolls of identify
 f - a scroll of enchant armour
 g - 2 scrolls of fog {unknown}
 j - a scroll of brand weapon {unknown}
Potions
 d - 3 potions of curing
 e - 2 potions of enlightenment
 h - a potion of attraction {unknown}
 i - 3 potions of brilliance
 k - a potion of heal wounds {unknown}
 l - a potion of might {unknown}


   Skills:
 - Level 2.4 Dodging
 - Level 2.4 Stealth
 + Level 6.4 Spellcasting
 + Level 6.5 Conjurations


You had 4 spell levels left.
You knew the following spells:

 Your Spells              Type           Power      Damage    Failure   Level
a - Magic Dart            Conj           100%       1d8       1%          1
b - Searing Ray           Conj           80%        2d7       1%          2
c - Fulminant Prism       Conj/Alch      12%        3d9       19%         4
d - Iskenderun's Mystic   Conj/Tloc      24%        2d7       19%         4
e - Momentum Strike       Conj/Tloc      48%        3d9       2%          2

Your spell library contained the following spells:

 Spells                   Type           Power      Damage    Failure   Level
 Blink                    Tloc           16%        N/A       11%         2
 Call Imp                 Summ           16%        N/A       11%         2
 Lesser Beckoning         Tloc           16%        N/A       11%         2


Dungeon Overview and Level Annotations

Branches:
Dungeon (3/15)

Altars:

Shops:
D:1 !

Annotations:
D:3 2 transporters


Message History

The gnoll completely misses you.
You hit the gnoll.
The gnoll is heavily wounded.
You closely miss the gnoll.
The gnoll is heavily wounded.
The gnoll barely misses you.
A gnoll comes into view. It is wielding a +0 spear.
The gnoll attacks as it pursues you! The gnoll hits you with a +0 whip.
The gnoll attacks as it pursues you! The gnoll hits you with a +0 whip.
The gnoll throws a stone.
The stone hits you.
The gnoll throws a stone.
The stone closely misses you.
The gnoll throws a stone.
The stone hits you.
The gnoll throws a stone.
The stone completely misses you.
The gnoll throws a stone.
The stone misses you.
You see here a +0 chain mail.
The gnoll attacks as it pursues you! The gnoll closely misses you.
Casting: Magic Dart (safe; 1% risk of failure)
Confirm with . or Enter, or press ? or * to list all spells.
Aiming: Searing Ray (safe; 1% risk of failure)
Press: ? - help, Shift-Dir - straight line, f/p - gnoll
Aim: a gnoll, wielding a +0 whip, wearing a +0 chain mail and quivering stones (heavily wounded, 89% to hit)
The searing ray hits the gnoll.
The gnoll is heavily wounded.
The searing ray hits the gnoll.
The gnoll is almost dead. (Press . to maintain the ray.)
The gnoll shouts!
The gnoll hits you from afar with a +0 halberd!
The searing ray hits the gnoll.
The gnoll is severely wounded.
The searing ray hits the gnoll.
You kill the gnoll!
The gnoll hits you from afar with a +0 halberd!
The searing ray misses the gnoll.
The gnoll misses you.
Okay, then.
As you read the scroll labelled WUV BOMIKK, it crumbles to dust.
It is a scroll of identify.
f - a scroll of enchant armour The gnoll hits you from afar with a +0 halberd!
You die...

#.................#
........)......<..#
.#######........###
...............>##
####.##..........#
####.##..........#
.......>.........###
..............g[...#
......#......)g.@..#
###.####....รท......#
# #.# ##..........# #
#.# ############ #.#
#.# ..#


You could see 2 gnolls.

Vanquished Creatures
  Sigmund (D:3)
  Jessica (D:2)
  2 gnolls (D:3)
  3 adders
  A dart slug (D:1)
  An orc (D:3)
  4 ball pythons
  5 bats
  5 endoplasms
  A giant cockroach (D:2)
  4 hobgoblins
  7 jackals
  4 quokkas
  2 frilled lizards (D:1)
  2 goblins
  6 kobolds
  2 rats
51 creatures vanquished.

Notes
Turn   | Place    | Note
-------+----------+-------------------------------------------
     0 | D:1      | Heoruswealwe the Deep Elf Conjurer began the quest for the
                  | Orb.
     0 | D:1      | Reached XP level 1. HP: 10/10 MP: 6/6
   113 | D:1      | Reached XP level 2. HP: 13/15 MP: 2/8
   145 | D:1      | Learned a level 2 spell: Searing Ray
   382 | D:1      | Found Kunk's Distillery.
   517 | D:1      | Bought a potion of curing for 30 gold pieces
   517 | D:1      | Bought a potion of enlightenment for 50 gold pieces
   565 | D:1      | Reached skill level 5 in Conjurations
   640 | D:1      | Reached XP level 3. HP: 19/19 MP: 7/10
   828 | D:2      | Noticed Jessica
   831 | D:2      | Killed Jessica
  1222 | D:2      | Reached XP level 4. HP: 24/24 MP: 7/12
  1227 | D:2      | Learned a level 4 spell: Fulminant Prism
  1232 | D:2      | Learned a level 4 spell: Iskenderun's Mystic Blast
  1272 | D:2      | Identified the +5 short sword "Arbiter" {speed, Fly rC++}
  1802 | D:1      | Bought a potion of brilliance for 40 gold pieces
  1802 | D:1      | Bought a potion of brilliance for 40 gold pieces
  1900 | D:3      | HP: 1/24 [jackal (3)]
  2036 | D:3      | Found a transporter.
  2055 | D:3      | Reached skill level 5 in Spellcasting
  2057 | D:3      | Found a transporter.
  2153 | D:3      | Noticed Sigmund
  2159 | D:3      | Killed Sigmund
  2160 | D:3      | Reached XP level 5. HP: 13/28 MP: 5/15
  2163 | D:3      | Learned a level 2 spell: Momentum Strike
  2166 | D:3      | Reached XP level 6. HP: 16/32 MP: 2/17
  2252 | D:3      | Slain by a gnoll

Illustrated notes

Levels and vault maps discovered:
D:1:      dpeg_arrival_arbitrary_b, layout_basic, serial_shops, shop
D:2:      layout_basic, uniq_jessica
D:3:      gammafunk_steamed_eel, layout_rooms, small_statue_intersection,
          uniq_terence, uniq_sigmund

Skill      XL: |  1  2  3  4 |
---------------+-------------+-----
Spellcasting   | 4 6 |  6.4
Conjurations   | 5 6 |  6.5
Dodging        | |  2.4
Stealth        | |  2.4

Action                     |  1- 3 |  4- 6 || total
---------------------------+-------+-------++-------
  Melee: Short sword       |       |     5 ||     5
   Cast: Magic Dart        |    57 |    34 ||    91
         Searing Ray       |     1 |     6 ||     7
    Use: Potion            |     1 |       ||     1
         Scroll            |       |     1 ||     1
 Armour: Robe              |    14 |    23 ||    37
  Dodge: Dodged            |    18 |    25 ||    43
